 Dungeon Crawl Stone Soup version 0.22.1-2-g9c5b331 (webtiles) character file.

30 tv1990 the Sneak (level 3, -3/18 HPs)
             Began as a Spriggan Necromancer on Nov 13, 2018.
             Slain by a hobgoblin (5 damage)
             ... on level 1 of the Dungeon.
             The game lasted 00:03:47 (1654 turns).

tv1990 the Sneak (Spriggan Necromancer)             Turns: 1654, Time: 00:03:48

Health: -3/18      AC:  3    Str:  5    XL:     3   Next: 5%
Magic:  8/8        EV: 18    Int: 16    God:
Gold:   67         SH:  0    Dex: 16    Spells: 6/7 levels left

rFire    . . .     SeeInvis +   n - -3 short sword (curse)
rCold    . . .     Gourm    .   (shield restricted)
rNeg     . . .     Faith    .   a - +1 robe
rPois    .         Spirit   .   (helmet restricted)
rElec    .         Reflect  .   (no cloak)
rCorr    .         Harm     .   (gloves unavailable)
MR       .....                  (boots unavailable)
Stlth    +++.......             (no amulet)
HPRegen  0.06/turn              (no ring)
MPRegen  0.11/turn              (no ring)

@: very quick
A: very small, unfitting armour, see invisible, herbivore, speed 3, slow
metabolism 2
a: no special abilities


You were on level 1 of the Dungeon.
You were not hungry.

You visited 1 branch of the dungeon, and saw 2 of its levels.

You collected 67 gold pieces.

Inventory:

Hand Weapons
 i - a +0 whip
 j - a +1 dagger
 n - a cursed -3 short sword (weapon)
Missiles
 e - 48 sling bullets
 f - 17 stones (quivered)
Armour
 a - a +1 robe (worn)
Jewellery
 k - an uncursed ring of protection from fire {unknown}
Potions
 g - a potion of invisibility {unknown}
 m - 2 potions of curing {unknown}
Comestibles
 c - a ration


   Skills:
 + Level 1.7 Fighting
 - Level 3.0 Dodging
 * Level 4.1 Stealth
 - Level 2.6 Spellcasting
 - Level 3.6 Necromancy


You had 6 spell levels left.
You knew the following spells:

 Your Spells              Type           Power        Failure   Level  Hunger
a - Pain                  Necr           ##..         4%          1    #......

Your spell library contained the following spells:

 Spells                   Type           Power        Failure   Level  Hunger
 Animate Skeleton         Necr           N/A          4%          1    #......
 Vampiric Draining        Necr           ##........   13%         3    ###....
 Regeneration             Chrm/Necr      #.........   28%         3    ###....
 Animate Dead             Necr           N/A          41%         4    #####..


Dungeon Overview and Level Annotations

Branches:
Dungeon (2/15)

Altars:


Innate Abilities, Weirdness & Mutations

You are very small and have problems with some larger weapons.
You are too small for most types of armour.
You have supernaturally acute eyesight. (SInv)
You are a herbivore.
You cover ground extremely quickly.
You need to consume almost no food.


Message History

You completely miss the hobgoblin. The hobgoblin hits you.
* * * LOW HITPOINT WARNING * * *
You hit the hobgoblin but do no damage. The hobgoblin barely misses you.
You hit the hobgoblin but do no damage. The hobgoblin closely misses you.
You hit the hobgoblin but do no damage. The hobgoblin completely misses you.
You barely miss the hobgoblin. The hobgoblin hits you.
* * * LOW HITPOINT WARNING * * *
You closely miss the hobgoblin. The hobgoblin misses you.
You hit the hobgoblin but do no damage. The hobgoblin barely misses you.
You hit the hobgoblin. The hobgoblin hits you.
* * * LOW HITPOINT WARNING * * *
You hit the hobgoblin. The hobgoblin misses you.
The hobgoblin completely misses you.
You closely miss the hobgoblin. The hobgoblin hits you.
* * * LOW HITPOINT WARNING * * *
You hit the hobgoblin but do no damage. The hobgoblin completely misses you.
You hit the hobgoblin but do no damage. The hobgoblin hits you.
* * * LOW HITPOINT WARNING * * *
You hit the hobgoblin. The hobgoblin hits you.
You die...

#.##........####.##.####..##
#.##..#.......##.##.####..#
#.##.....#..#.##.##.##....#
#........#..#....##.##.##.#
#####.##.........##.##.##.#
#.......#...###.......#
####.###.....#####.####
#.........# #.###
#.###....@# #...# #####.#
#...†g# ###.# #.....#
#.....# #.# #.##### #######
#.# #.# #.# #.#####
##########.# #.....#
#..........# #####.#
#.########## #.# #.#


You could see a hobgoblin.

Vanquished Creatures
  A gnoll (D:1)
  4 bats (D:1)
  2 giant cockroaches (D:1)
  2 hobgoblins (D:1)
  A frilled lizard (D:1)
  3 goblins (D:1)
  6 kobolds (D:1)
  2 rats (D:1)
21 creatures vanquished.

Notes
Turn   | Place    | Note
-------+----------+-------------------------------------------
     0 | D:1      | tv1990 the Spriggan Necromancer began the quest for the
                  | Orb.
     0 | D:1      | Reached XP level 1. HP: 9/9 MP: 5/5
   525 | D:1      | Reached skill level 1 in Fighting
   880 | D:1      | Reached XP level 2. HP: 11/14 MP: 2/6
  1376 | D:1      | Reached skill level 4 in Stealth
  1376 | D:1      | Reached XP level 3. HP: 18/18 MP: 8/8
  1654 | D:1      | Slain by a hobgoblin

Skill      XL: |  1  2 |
---------------+-------+-----
Fighting       | 1 |  1.7
Stealth        | 4 |  4.1
Dodging        | |  3.0
Spellcasting   | |  2.6
Necromancy     | |  3.6

Action                   || total
-------------------------++-------
Melee: Unarmed           ||    76
       Whip              ||    14
       Dagger            ||    28
       Short sword       ||    27
Throw: Stone             ||     1
 Cast: Pain              ||    15
  Use: Scroll            ||     4
 Stab: Sleeping          ||     3
Armor: Robe              ||    16
Dodge: Dodged            ||   136

Vault maps used:
D:1:      dpeg_arrival_fog
D:2:      first_ration, grunt_ministairs_5, minmay_item_behind_shaft
